Map: Alcyone LE

Players

ERIC - Winner!

  • Race: Terran Terran
  • Spawn Location: 7:00

VOD

Have the link to the VOD?

Description

Time

  • Played on: Sept. 29, 2024, 4:38 p.m.
  • Length: 26:51
Show
View Real Time Build Order
Export as new Build Order

ERIC Terran - Winner!

Build Orders:  

Get SALT Encoding   

  12  0:13  Refinery  
  12  0:17  SCV  
  13  0:34  SCV  
  14  0:50  Supply Depot  
  14  0:59  Supply Depot  
  14  1:02  SCV  
  15  1:20  SCV  
  16  1:44  Barracks  
  16  2:28  Barracks  
  16  2:34  SCV  
  17  2:51  SCV  
  17  2:54  Barracks Tech Lab  
  18  3:08  Factory, SCV  
  19  3:21  Unknown  
  19  3:25  SCV  
  20  3:38  Barracks Reactor  
  20  3:42  SCV  
  21  3:52  Marauder  
  21  3:54  Refinery  
  23  4:22  Factory Tech Lab, Supply Depot  
  23  4:30  Marine x2  
  23  4:38  Marauder  
  27  4:55  Marine x2  
  29  5:07  SCV  
  29  5:08  Marauder  
  32  5:20  Marine x2  
  32  5:21  Concussive Shells  
  32  5:24  SCV  
  35  5:38  Marauder  
  37  5:45  Marine x2  
  39  5:55  Starport  
  39  6:23  Supply Depot  
  39  6:52  Marauder  
  39  6:53  Siege Tank  
  42  7:03  Starport Tech Lab  
  42  7:19  Marine x2, Fusion Core  
  44  7:22  Marauder  
  46  7:43  Marine  
  46  7:44  Supply Depot  
  47  8:14  Marine x2, Marauder, Siege Tank  
  54  8:22  Supply Depot  
  54  8:39  Marine  
  55  8:52  Marine  
  55  8:58  Supply Depot  
  56  9:03  Marine  
  56  9:04  Supply Depot  
  56  9:07  Battlecruiser  
  63  9:38  Supply Depot  
  63  9:45  Supply Depot  
  63  9:48  Siege Tank  
  66  9:56  Marine x2  
  68  10:21  Marine x2  
  70  10:32  Supply Depot  
  70  10:37  Medivac  
  70  10:38  Supply Depot  
  72  10:42  Siege Tank  
  72  10:45  Marine  
  72  10:46  Marine  
  77  11:10  Marine  
  77  11:11  Marine  
  77  11:15  Armory  
  77  11:19  Medivac  
  81  12:28  Terran Vehicle Weapons Level 1  
  81  12:47  Engineering Bay  
  81  12:52  Marine  
  81  12:53  Marine  
  83  13:17  Marine  
  83  13:18  Marine  
  85  13:39  Battlecruiser  
  91  13:42  Marine  
  91  13:43  Marine  
  93  14:07  Marine x2  
  95  15:08  Terran Vehicle And Ship Armor Level 1  
  56  17:47  Terran Ship Weapons Level 1  
  42  19:23  Battlecruiser  
  48  19:30  Marine x2  
  50  19:55  Marine x2  
  52  20:20  Marine x2  
  54  20:38  Siege Tank  
  54  20:40  Siege Tank  
  54  20:42  Siege Tank  
  54  20:44  Marine  
  54  20:45  Marine  
  56  20:53  Battlecruiser  
  62  22:23  Battlecruiser  
  68  22:59  Siege Tank x2  
  68  23:00  Siege Tank  
  68  23:53  Battlecruiser  
  68  25:30  Siege Tank x3  
Tags
 
Matchup
Co-op
Add a new tag
Caveats
  • Supply blocks, unpowered buildings, or Contaminate may cause inaccurate times.
  • Supply counts are checked every 10 seconds.